 Dungeon Crawl Stone Soup version 0.31-a0-544-gceb718ecc6 (webtiles) character file.

Game seed: 12101487059141895628

338355 HoaS the Crack Shot (level 22, -5/161 HPs)
             Began as a Kobold Hunter on Aug 13, 2023.
             Was an Elder of Elyvilon.
             Slain by Norris
             ... wielding a +0 glaive
              (12 damage)
             ... on level 3 of the Vaults on Aug 15, 2023.
             The game lasted 03:20:24 (51534 turns).

HoaS the Crack Shot (Kobold Hunter)                Turns: 51534, Time: 03:20:24

Health: -5/161     AC: 18    Str:  9      XL:     22   Next: 93%
Magic:  0/44       EV: 63    Int:  8 (13) God:    Elyvilon [****..]
Gold:   2471       SH:  0    Dex: 46      Spells: 21/21 levels left

rFire   . . .        q - +0 arbalest (freeze)
rCold   . . .        (shield currently unavailable)
rNeg    . . .        A - +5 steam dragon scales
rPois   +            C - +2 hat
rElec   .            H - +1 cloak {rPois}
rCorr   .            u - +0 pair of gloves
SInv    .            a - +2 pair of boots {Stlth+}
Will    .....        E - amulet of Bahet {Spirit Will- Dex+6}
Stlth   ++++++       N - ring "Gonn" {MP+9 Int+2 Dex+6}
HPRegen 0.46/turn    G - +6 ring of dexterity
MPRegen 0.29/turn

%: guardian spirit
@: marked
A: small, no large weapons, nightstalker 3
}: 2/15 runes: decaying, serpentine
a: Renounce Religion, Purification, Heal Other, Heal Self


You were on level 3 of the Vaults.
You worshipped Elyvilon.
Elyvilon was greatly pleased with you.
You visited 8 branches of the dungeon, and saw 36 of its levels.
You also visited: Sewer.

You collected 5016 gold pieces.
You spent 2545 gold pieces at shops.

Inventory:

Hand Weapons
 q - a +0 arbalest of freezing (weapon)
Missiles
 I - a throwing net
Armour
 a - a +2 pair of boots of stealth (worn)
 u - a +0 pair of gloves (worn)
 A - +5 steam dragon scales (worn)
 C - a +2 hat (worn)
 H - a +1 cloak of poison resistance (worn)
Jewellery
 m - a ring of poison resistance
 t - a ring of protection from cold
 x - a ring of protection from fire
 z - a ring of protection from cold
 E - the amulet of Bahet (around neck) {Spirit Will- Dex+6}
   (You bought it in a shop on level 2 of the Orcish Mines)

   [amulet of guardian spirit]

   Spirit:    It causes incoming damage to be divided between your reserves of
   health and magic.
   Dex+6:     It affects your dexterity (+6).
   Will-:     It decreases your willpower.
 F - a ring of flight
 G - a +6 ring of dexterity (right hand)
 N - the ring "Gonn" (left hand) {MP+9 Int+2 Dex+6}
   (You found it on level 2 of the Vaults)

   [ring of dexterity]

   Int+2:     It affects your intelligence (+2).
   Dex+6:     It affects your dexterity (+6).
   MP+9:      It affects your magic capacity (+9).
Wands
 n - a wand of flame (66)
 p - a wand of charming (25)
 r - a wand of polymorph (24)
 y - a wand of mindburst (8)
 D - a wand of iceblast (19)
Scrolls
 b - a scroll of butterflies
 c - 3 scrolls of silence
 d - 3 scrolls of fog
 h - 4 scrolls of blinking
 i - 4 scrolls of revelation
 l - 7 scrolls of fear
 v - a scroll of brand weapon
 w - 12 scrolls of identify
Potions
 e - 7 potions of lignification
 f - 14 potions of curing
 g - 8 potions of mutation
 j - 7 potions of enlightenment
 k - 4 potions of resistance
 s - 5 potions of attraction
 B - a potion of ambrosia
 J - 2 potions of invisibility
 L - 2 potions of haste


   Skills:
 * Level 23.8 Fighting
 - Level 26.0 Ranged Weapons
 * Level 24.6 Dodging
 - Level 1.3 Stealth
 - Level 18.0 Invocations


You had 21 spell levels left.
You didn't know any spells.
Your spell library contained the following spells:

 Spells                   Type           Power      Damage    Failure   Level
 Freeze                   Ice            0%         1d3       41%         1
 Kiss of Death            Conj/Necr      0%         2d5       41%         1
 Magic Dart               Conj           0%         1d3       41%         1
 Call Imp                 Summ           0%         N/A       54%         2
 Confusing Touch          Hex            0%         N/A       78%         3
 Dazzling Flash           Conj/Hex       0%         N/A       78%         3
 Frozen Ramparts          Ice            0%         1d1       78%         3
 Hailstorm                Conj/Ice       0%         3d3       78%         3
 Ignite Poison            Fire/Tmut/Pois 0%         N/A       78%         3
 Mephitic Cloud           Conj/Pois/Air  0%         N/A       78%         3
 Ozocubu's Armour         Ice            0%         N/A       78%         3
 Portal Projectile        Hex/Tloc       0%         N/A       78%         3
 Tukima's Dance           Hex            0%         N/A       78%         3
 Vhi's Electric Charge    Tloc/Air       0%         N/A       78%         3
 Anguish                  Hex/Necr       0%         N/A       99%         4
 Animate Dead             Necr           0%         N/A       99%         4
 Cause Fear               Hex            0%         N/A       99%         4
 Dispel Undead            Necr           0%         3d6       99%         4
 Leda's Liquefaction      Hex/Erth       0%         N/A       99%         4
 Manifold Assault         Tloc           0%         N/A       99%         4
 Sticky Flame             Conj/Fire      0%         2d3       99%         4
 Agony                    Necr           0%         N/A       100%        5
 Arcjolt                  Conj/Air       0%         1d10      100%        5
 Lee's Rapid Deconstruct  Erth           0%         3d4*      100%        5
 Silence                  Hex/Air        0%         N/A       100%        5
 Dispersal                Tloc           0%         N/A       100%        6
 Leda's Unmaking          Conj/Erth      0%         9d1       100%        6
 Plasma Beam              Fire/Air       0%         2x1d10    100%        6
 Simulacrum               Ice/Necr       0%         N/A       100%        6
 Enfeeble                 Hex            0%         N/A       100%        7
 Haunt                    Necr/Summ      0%         N/A       100%        7
 Ozocubu's Refrigeration  Ice            0%         4d7       100%        7
 Disjunction              Tloc           0%         N/A       100%        8
 Ignition                 Fire           0%         3d3       100%        8
 Infestation              Necr           0%         N/A       100%        8
 Summon Horrible Things   Summ           0%         N/A       100%        8
 Chain Lightning          Conj/Air       0%         N/A       100%        9
 Fire Storm               Conj/Fire      0%         5d1       100%        9
 Polar Vortex             Ice            0%         N/A       100%        9
 Shatter                  Erth           0%         3d5*      100%        9


Dungeon Overview and Level Annotations

Branches:
Dungeon (15/15)            Temple (1/1) D:6            Lair (5/5) D:11
  Swamp (4/4) Lair:2        Snake (4/4) Lair:2        Slime (0/5) Lair:4
    Orc (2/2) D:9             Elf (2/3) Orc:2        Vaults (3/5) D:14
  Crypt (0/3) Vaults:3     Depths (0/4) D:15          Sewer (visited)

Altars:
Ashenzari
Cheibriados
Dithmenos
Elyvilon
Gozag
Hepliaklqana
Kikubaaqudgha
Makhleb
Nemelex Xobeh
Okawaru
Qazlal
Ru
Sif Muna
Trog
Uskayaw
Vehumet
Wu Jian
Xom
Yredelemnul
Zin
The Shining One
Jiyva

Shops:
D:10 *:[[[   Orc:2 !=?[   Elf:1 *   Elf:2 :   Vaults:1 *

Annotations:
Elf:1 6 runed translucent doors
Vaults:3 Norris


Innate Abilities, Weirdness & Mutations

You are small and have problems with some larger weapons.
You are completely attuned to the shadows.


Message History

Norris mumbles some strange prayers to his god against you.
You feel dopey. Something feeds on your intellect!
The vault sentinel blows a loud note on a signal horn!
The yaktaur completely misses you. The vault warden barely misses you.
The vault sentinel completely misses you.
The yaktaur completely misses you. The vault warden completely misses you.
Norris completely misses you.
The vault sentinel blows a loud note on a signal horn!
The yaktaur completely misses you. The vault warden completely misses you.
Norris completely misses you.
The yaktaur hits you but does no damage.
The vault sentinel misses you. The vault warden completely misses you.
Norris completely misses you.
The vault sentinel points at you and mumbles some strange words.
The mark upon you grows brighter. The yaktaur completely misses you.
The death knight offers itself to Yredelemnul, and fills with unholy energy.
The vault warden completely misses you. Norris completely misses you.
The vault sentinel casts a spell at you.
The mark upon you grows brighter. The yaktaur completely misses you.
The vault warden activates a sealing rune.
Norris barely misses you.
The vault sentinel completely misses you.
The yaktaur completely misses you.
A yaktaur comes into view.
The vault warden completely misses you.
Norris mumbles some strange prayers to his god against you.
You feel dopey. Something feeds on your intellect!
The vault sentinel hits you but does no damage.
The yaktaur barely misses you. The vault warden completely misses you.
Norris smiles.
Norris hits you from afar with a +0 glaive!
* * * LOW HITPOINT WARNING * * *
The vault sentinel completely misses you.
The yaktaur completely misses you.
A hell knight skeleton comes into view.
The vault warden completely misses you.
Norris hits you from afar with a +0 glaive!
You die...

,,*,,,,*,,,,,,,,,* *,,,,,,,,,,,,
,,*,,,,*,,,,,,,,,* *,,,,,,,,,,**
,,+,,,,#.......,,* *,,,,,,,,,,*,
,,*,,,,#........,* *,,,,,,,,,,*,
,,*,,,.#.........# *,,,,,,,,,,*,
***,,,.'.....~~~.# *,,,,,,,,,,*,
*,,,,#...~Zc@lc# *,,,,,,,,,,*,
*,,,,#.....~ccp# *,,,,,,,,,,*,
*,,,,#.....pcp@# *,,,,,,,,,,** *
*,,,,########### *,,,,,,,,,,,,
###^...# *,,,,,,,,,,,, ..#....#
*,,,,,,,,,,,,
..#^...#*************,,,,,,,,,,,,
p.#....#*,,,,,,,,,,,*,,,,,,,,,,,,
p.+....#*,,,,,,,,,,,*,,,,,,,,,,,,
###....#*,,,,,,,,,,,*,,,,,,,,,,,,
###....#*,,,,,,,,,,,',,,,,,,,,,**


You could see Norris, a vault warden, a death knight (reflects damage), a
skyshark, a vault sentinel, 5 yaktaurs and a hell knight skeleton.

Vanquished Creatures
  the Lernaean hydra (Swamp:4)
  Frederick (Vaults:3)
  Margery (Vaults:2)
  Vashnia (Snake:4)
  Nikola (Snake:1)
  Zenata (D:14)
  Rupert (Orc:2)
  Mlioglotl (Swamp:4)
  The ghost of muxecoid the Warrior, an adept TrSh of the Shining One (Swamp:2)
  Jorgrun (Swamp:2)
  The ghost of Vorhees the Martial Artist, an adept GnSh of Ashenzari (Vaults:2)
  A deep elf blademaster (Elf:2)
  Asterion (Snake:2)
  A sphinx (Vaults:1)
  A titan (Vaults:1)
  Frances (Snake:1)
  A thorn hunter (Swamp:3)
  Agnes (Snake:3)
  Kirke (D:14)
  A nagaraja (Snake:4)
  A frost giant (Vaults:3)
  3 deep elf sorcerers
  The ghost of Qiekomn the Thrower, a journeyman DsBe of Trog (Swamp:4)
  4 vault wardens
  3 orc warlords
  2 very ugly things (Vaults:2)
  9 ironbound preservers
  4 ghouls (Swamp:2)
  A formless jellyfish (Vaults:2)
  The ghost of qborf the Mimic, a journeyman TrSh (Lair:3)
  A stone giant (D:15)
  3 deep elf demonologists
  3 eleionomae (Swamp:1)
  5 ironbound thunderhulks
  8 dire elephants
  A deep elf annihilator (Elf:1)
  2 bunyips
  Azrael (D:14)
  4 great orbs of eyes
  7 yaktaur captains
  2 fire dragons
  2 deep elf high priests (Elf:1)
  13 vault guards
  The ghost of WhatIsLove the Warrior, a novice HOMo (D:9)
  20 hydras
  A salamander tyrant (Snake:4)
  9 centaur warriors
  10 anacondas
  2 ghost crabs
  11 ironbound frosthearts
  4 ogre magi
  A spriggan air mage (Swamp:4)
  6 boulder beetles
  6 two-headed ogres
  10 alligators
  2 catoblepae
  28 dancing weapons
  10 naga warriors
  A tengu warrior (D:15)
  6 death yaks (Lair:5)
  2 orc high priests (Elf:1)
  9 hell knights
  Nergalle (Lair:3)
  8 shock serpents
  Sonja (Lair:4)
  23 deep elf knights
  12 naga sharpshooters
  A spectral bunyip (Swamp:4)
  4 skysharks
  A fire crab (shapeshifter) (D:14)
  2 death drakes
  17 skeletal warriors
  4 salamander mystics
  6 goliath frogs
  17 swamp dragons
  18 deep trolls
  8 sea snakes (Snake:2)
  6 spriggan druids
  6 naga ritualists
  A spectral hydra (Lair:3)
  3 bog bodies
  11 ironbound convokers
  3 wizards
  18 deep elf archers
  8 orc knights
  30 deep elf pyromancers
  Jeremiah (D:9)
  19 lindwurms
  An orange crystal statue (D:11)
  25 deep elf zephyrmancers
  15 mana vipers
  2 spectral spriggans (Swamp:4)
  8 orc sorcerers
  2 oklob plants (Lair:5)
  3 necromancers
  5 will-o-the-wisps
  27 ugly things
  A manticore (D:12)
  6 cyclopes
  13 salamanders
  7 guardian serpents
  15 elephants
  14 naga magi
  35 black mambas
  6 cane toads
  13 vault sentinels
  A gargoyle (D:14)
  6 torpor snails (Lair:5)
  A kobold demonologist (D:11)
  8 komodo dragons
  5 rime drakes
  14 yaktaurs
  A bunyip simulacrum (Swamp:4)
  9 trolls
  4 bloated husks
  2 polar bears
  17 hornets
  Prince Ribbit (D:7)
  10 tyrant leeches
  15 blink frogs
  7 dream sheep
  A spectral dream sheep (Lair:3)
  13 slime creatures
  2 vampires (D:14)
  3 shadows
  7 basilisks
  15 spriggans
  3 water elementals (Elf:1)
  6 wraiths
  A basilisk (shapeshifter) (D:13)
  11 fire elementals
  5 wyverns
  46 yaks
  An unseen horror simulacrum (D:9)
  2 hogs (D:14)
  A steam dragon (D:8)
  21 vampire mosquitoes
  A swamp worm (shapeshifter) (D:15)
  23 swamp worms
  3 acid dragons
  A warg (Orc:1)
  2 death yak simulacra (Lair:3)
  32 nagas
  14 water moccasins
  A hydra simulacrum (Lair:3)
  2 hell hounds
  2 sky beasts (D:6)
  16 orc warriors
  13 swamp drakes
  A black bear (D:11)
  15 wolves
  3 boggarts (D:14)
  8 ogres
  6 centaurs
  2 phantoms
  13 bullfrogs
  2 kobold brigands
  3 gnoll sergeants
  4 scorpions
  10 wights
  4 earth elementals
  20 killer bees
  A lindwurm simulacrum (Lair:3)
  A human simulacrum (Vaults:3)
  2 howler monkeys (D:12)
  4 electric eels (Snake:2)
  5 jellies
  Crazy Yiuf (D:6)
  13 orc priests
  2 hounds
  2 gnoll boudas
  4 iguanas
  Ijyb (D:5)
  2 sleepcaps
  30 orc wizards
  18 gnolls
  9 river rats
  12 adders
  2 shadow imps (D:6)
  14 white imps
  2 ufetubi (D:9)
  A worm (D:2)
  2 dart slugs
  67 orcs
  5 bats
  14 endoplasms
  5 giant cockroaches
  8 goblins
  7 hobgoblins
  5 jackals
  30 kobolds
  4 quokkas
  6 ball pythons
  A frilled lizard (D:1)
  35 rats
1422 creatures vanquished.

Vanquished Creatures (others)
  An ironbound convoker (Vaults:1)
  A yaktaur (Vaults:1)
  A bloated husk (Swamp:4)
  A tyrant leech (Swamp:4)
  3 humans (D:14)
  A vampire mosquito (D:15)
  2 kobolds (D:8)
  16 foxfires
26 creatures vanquished.

Grand Total: 1448 creatures vanquished

Notes
Turn   | Place    | Note
-------+----------+-------------------------------------------
     0 | D:1      | HoaS the Kobold Hunter began the quest for the Orb.
     0 | D:1      | Reached XP level 1. HP: 12/12 MP: 1/1
   120 | D:1      | Reached XP level 2. HP: 17/17 MP: 2/2
   154 | D:1      | Reached skill level 6 in Ranged Weapons
   284 | D:1      | Found a faded altar of an unknown god.
   289 | D:1      | Reached XP level 3. HP: 21/21 MP: 3/3
   895 | D:2      | Reached skill level 7 in Ranged Weapons
   981 | D:2      | Reached XP level 4. HP: 26/26 MP: 4/4
  1033 | D:2      | Reached skill level 8 in Ranged Weapons
  1033 | D:2      | Reached XP level 5. HP: 23/30 MP: 3/5
  1641 | D:3      | Identified the +7 trident "Otsev" {antimagic, Dex+2}
  1779 | D:3      | Noticed a water moccasin
  1852 | D:3      | Reached skill level 9 in Ranged Weapons
  1852 | D:3      | Reached XP level 6. HP: 13/35 MP: 2/6
  3249 | D:3      | Killed a water moccasin
  3250 | D:3      | Reached skill level 10 in Ranged Weapons
  3250 | D:3      | Reached XP level 7. HP: 30/40 MP: 5/7
  3402 | D:5      | Entered Level 5 of the Dungeon
  3445 | D:5      | Identified the +7 chain mail of the Gardener {rN+ Regen+}
  3471 | D:5      | Reached skill level 11 in Ranged Weapons
  3649 | D:5      | Noticed Ijyb
  3672 | D:5      | Killed Ijyb
  3682 | D:5      | Found a glowing drain.
  3700 | Sewer    | Entered a sewer
  3977 | Sewer    | Reached XP level 8. HP: 44/44 MP: 8/8
  4011 | Sewer    | Reached skill level 12 in Ranged Weapons
  4818 | D:5      | Reached skill level 13 in Ranged Weapons
  5577 | D:6      | Found a runed translucent door.
  5580 | D:6      | Noticed Crazy Yiuf
  5583 | D:6      | Killed Crazy Yiuf
  5584 | D:6      | Reached skill level 14 in Ranged Weapons
  5662 | D:6      | Reached XP level 9. HP: 49/49 MP: 9/9
  5815 | D:6      | Found a radiant altar of Vehumet.
  6074 | D:6      | Found a staircase to the Ecumenical Temple.
  6080 | Temple   | Entered the Ecumenical Temple
  6088 | Temple   | Became a worshipper of Elyvilon the Healer
  6294 | D:7      | Noticed Prince Ribbit
  6449 | D:7      | Identified the +3 quarterstaff "Waxzas" {protect, rC- Int+3
                  | Stlth+}
  6705 | D:7      | Killed Prince Ribbit
  6706 | D:7      | Reached skill level 15 in Ranged Weapons
  6916 | D:7      | Noticed a wizard
  6922 | D:7      | Killed a wizard
  6923 | D:7      | Reached skill level 16 in Ranged Weapons
  6923 | D:7      | Reached XP level 10. HP: 58/58 MP: 10/10
  7211 | D:7      | Found a bloodstained altar of Trog.
  7248 | D:8      | Reached * piety under Elyvilon
  7311 | D:8      | Found a snail-covered altar of Cheibriados.
  7348 | D:8      | Reached skill level 5 in Dodging
  7387 | D:8      | Reached skill level 1 in Invocations
  7535 | D:8      | Reached skill level 5 in Fighting
  8233 | D:8      | Noticed a centaur warrior
  8295 | D:8      | Killed a centaur warrior
  8528 | D:8      | You fall into a shaft and drop 3 floors!
  8649 | D:11     | Noticed a kobold demonologist
  8658 | D:11     | Killed a kobold demonologist
  8717 | D:11     | Reached ** piety under Elyvilon
  8740 | D:11     | Noticed a two-headed ogre
  8750 | D:11     | Killed a two-headed ogre
  8751 | D:11     | Reached XP level 11. HP: 49/68 MP: 12/14
  8837 | D:11     | Noticed a cyclops
  8916 | D:10     | Entered Level 10 of the Dungeon
  8949 | D:10     | Found an ornate altar of the Wu Jian Council.
  8973 | D:10     | Found Aqeutt's Assorted Antiques.
  8978 | D:10     | Bought a pair of gloves for 126 gold pieces
  8983 | D:10     | Found Regosuh's Book Shop.
  9037 | D:10     | Reached skill level 5 in Invocations
  9253 | D:10     | Found Akki's Armour Shoppe.
  9313 | D:10     | Bought a +1 cloak of preservation for 181 gold pieces
  9568 | D:9      | Found a staircase to the Orcish Mines.
  9899 | D:9      | Found an iron altar of Okawaru.
  9900 | D:9      | Found a basalt altar of Yredelemnul.
  9940 | D:9      | Reached skill level 10 in Dodging
 10123 | D:9      | Noticed Jeremiah
 10154 | D:9      | Killed Jeremiah
 10366 | D:9      | Found a hide-covered altar of Uskayaw.
 10431 | D:9      | Found a burning altar of Makhleb.
 10442 | D:9      | Found a transporter.
 10448 | D:9      | Found a transporter.
 10448 | D:9      | Noticed WhatIsLove's ghost (novice HOMo)
 11206 | D:10     | Reached *** piety under Elyvilon
 11216 | D:10     | Found Pugg's Armour Shop.
 11438 | D:10     | Reached skill level 10 in Fighting
 11522 | D:10     | Found Xodgh's Antique Armour Boutique.
 11870 | D:11     | Noticed a two-headed ogre
 11879 | D:11     | Killed a two-headed ogre
 11880 | D:11     | Reached XP level 12. HP: 77/77 MP: 16/16
 12039 | D:11     | Found a staircase to the Lair.
 12958 | D:11     | Noticed a boulder beetle
 13326 | Lair:1   | Entered Level 1 of the Lair of Beasts
 13424 | Lair:1   | Reached **** piety under Elyvilon
 13565 | Lair:1   | You fall into a shaft and drop 1 floor!
 13657 | Lair:2   | Noticed a boulder beetle
 13677 | Lair:2   | Killed a boulder beetle
 14455 | Lair:1   | Reached XP level 13. HP: 86/86 MP: 6/18
 15550 | Lair:2   | Found a staircase to the Snake Pit.
 15829 | Lair:2   | Noticed a four-headed hydra
 15835 | Lair:2   | Killed a four-headed hydra
 15835 | Lair:2   | Noticed a four-headed hydra
 15853 | Lair:2   | Killed a four-headed hydra
 15987 | Lair:2   | Found a staircase to the Swamp.
 16474 | Lair:3   | Noticed Nergalle
 16483 | Lair:3   | Killed Nergalle
 16898 | Lair:3   | Reached ***** piety under Elyvilon
 16913 | Lair:3   | Found a runed translucent gate.
 16914 | Lair:3   | Found a runed translucent gate.
 16989 | Lair:3   | Found a runed translucent gate.
 17201 | Lair:3   | Noticed qborf's ghost (journeyman TrSh)
 17670 | Lair:4   | Reached skill level 15 in Dodging
 17807 | Lair:4   | Found a viscous altar of Jiyva.
 17810 | Lair:4   | Found a staircase to the Slime Pits.
 17857 | Lair:4   | Reached XP level 14. HP: 95/95 MP: 7/21
 17903 | Lair:4   | Noticed Sonja
 17910 | Lair:4   | Killed Sonja
 17920 | Lair:4   | Found a dark tunnel.
 18265 | Lair:5   | Entered Level 5 of the Lair of Beasts
 18510 | Lair:5   | Identified the +0 long sword "Cadieg" {venom, rElec rF+
                  | MP-9 Dex+3}
 18909 | Lair:5   | Reached skill level 10 in Invocations
 18961 | Lair:5   | HP: 3/96 [eight-headed hydra (4)]
 19501 | Lair:5   | Found a runed translucent door.
 19572 | Lair:5   | Reached skill level 15 in Fighting
 20745 | Lair:5   | Reached XP level 15. HP: 79/104 MP: 0/23
 21221 | Lair:3   | Killed qborf's ghost
 22537 | D:12     | Identified the +1 long sword "Qochec Heps" {protect, *Rage
                  | rElec rF++ Int-5}
 22973 | Orc:1    | Entered Level 1 of the Orcish Mines
 23368 | Orc:1    | Reached skill level 17 in Ranged Weapons
 23569 | Orc:2    | Entered Level 2 of the Orcish Mines
 23693 | Orc:2    | Found a staircase to the Elven Halls.
 23992 | Orc:2    | Noticed Rupert
 24416 | D:13     | Reached skill level 18 in Ranged Weapons
 24722 | D:13     | Found a transporter.
 24886 | D:13     | Reached ****** piety under Elyvilon
 25618 | D:13     | Found a transporter.
 26022 | D:13     | Found a transporter.
 26155 | D:13     | Identified the +1 robe of Xeifruics {rElec rCorr}
 26215 | D:13     | Found a transporter.
 26686 | D:14     | Reached XP level 16. HP: 72/112 MP: 23/25
 26839 | D:14     | Noticed Kirke
 27770 | D:14     | Killed Kirke
 27989 | D:14     | Found a gate to the Vaults.
 28083 | D:15     | Entered Level 15 of the Dungeon
 28901 | D:15     | Found a burning altar of Makhleb.
 29156 | D:15     | Noticed Azrael
 29171 | D:14     | Killed Azrael
 29172 | D:14     | Reached skill level 15 in Invocations
 29355 | D:15     | Found a staircase to the Depths.
 29806 | Orc:2    | Killed Rupert
 30174 | Orc:2    | Reached XP level 17. HP: 119/119 MP: 28/28
 30180 | Orc:2    | Found a radiant altar of Vehumet.
 30329 | Orc:2    | Found an ancient bone altar of Kikubaaqudgha.
 30357 | Orc:2    | Found Kabaosm's Jewellery Shop.
 30363 | Orc:2    | Bought the amulet of Bahet {Spirit Will- Dex+6} for 635
                  | gold pieces
 30388 | Orc:2    | Found Vynienuv's Antique Armour Boutique.
 30393 | Orc:2    | Bought a glowing hat for 133 gold pieces
 30434 | Orc:2    | Paralysed by an ogre mage for 5 turns
 30546 | Orc:2    | Paralysed by something for 3 turns
 30644 | Orc:2    | Found Atova's Distillery.
 30648 | Orc:2    | Paralysed by an orc sorcerer for 5 turns
 30702 | Orc:2    | Bought 2 potions of heal wounds for 140 gold pieces
 30705 | Orc:2    | Found Obbakh's Magic Scroll Boutique.
 30711 | Orc:2    | Bought a scroll of acquirement for 936 gold pieces
 30711 | Orc:2    | Acquired 754 gold pieces
 30713 | Orc:2    | Bought a scroll of fog for 72 gold pieces
 30984 | Snake:1  | Entered Level 1 of the Snake Pit
 31382 | Snake:1  | Reached skill level 19 in Ranged Weapons
 31417 | Snake:1  | Noticed Frances
 31423 | Snake:1  | Killed Frances
 32020 | Snake:1  | Noticed Nikola
 32030 | Snake:1  | Killed Nikola
 32321 | Snake:2  | Reached skill level 20 in Ranged Weapons
 32335 | Snake:2  | Identified the +9 falchion of Ymalumm {holy, rElec}
 32960 | Snake:2  | Reached XP level 18. HP: 128/128 MP: 29/29
 33359 | Snake:3  | Reached skill level 21 in Ranged Weapons
 33466 | Snake:3  | Upgraded the game from 0.31-a0-538-gbc85326fa9 to
                  | 0.31-a0-542-gdc2a67831c
 33471 | Snake:3  | Noticed Agnes
 33484 | Snake:3  | Noticed Asterion
 33785 | Snake:3  | Killed Agnes
 34137 | Snake:4  | Entered Level 4 of the Snake Pit
 34643 | Snake:4  | Reached skill level 22 in Ranged Weapons
 35120 | Snake:4  | Got a serpentine rune of Zot
 35342 | Snake:4  | Noticed Vashnia
 35405 | Snake:4  | Killed Vashnia
 35809 | Snake:2  | Killed Asterion
 36125 | D:9      | Killed WhatIsLove's ghost
 36376 | Swamp:1  | Entered Level 1 of the Swamp
 36469 | Swamp:1  | Reached XP level 19. HP: 135/135 MP: 31/31
 37512 | Swamp:2  | Reached skill level 23 in Ranged Weapons
 37731 | Swamp:2  | Noticed Jorgrun
 37744 | Swamp:2  | Killed Jorgrun
 38103 | Swamp:2  | Found a runed translucent door.
 38106 | Swamp:2  | Noticed muxecoid's ghost (adept TrSh)
 39034 | Swamp:2  | Killed muxecoid's ghost
 39061 | Swamp:2  | Got the Discursus on Astrapomancy
 39999 | Swamp:4  | Entered Level 4 of the Swamp
 40185 | Swamp:4  | Found a transporter.
 40185 | Swamp:4  | Found a transporter.
 40185 | Swamp:4  | Noticed Qiekomn's ghost (journeyman DsBe)
 40378 | Swamp:4  | Noticed Mlioglotl
 40386 | Swamp:4  | Killed Mlioglotl
 40404 | Swamp:4  | Noticed the 27-headed Lernaean hydra
 40416 | Swamp:4  | Killed the 27-headed Lernaean hydra
 40417 | Swamp:4  | Reached XP level 20. HP: 116/142 MP: 27/32
 41052 | Swamp:4  | Got a decaying rune of Zot
 41484 | Swamp:4  | Killed Qiekomn's ghost
 41485 | Swamp:4  | Reached skill level 24 in Ranged Weapons
 42149 | Elf:1    | Entered Level 1 of the Elven Halls
 42896 | Elf:1    | Got Oggiekk's Meditations on Massed Arcane Combat
 42918 | Elf:1    | Identified the amulet "Xuatzon" {Acrobat rF+ rCorr Int+3}
 42952 | Elf:1    | Found Nussiocw's General Store.
 42958 | Elf:1    | Bought a potion of invisibility for 112 gold pieces
 42958 | Elf:1    | Bought a potion of heal wounds for 70 gold pieces
 42958 | Elf:1    | Bought a potion of haste for 140 gold pieces
 43252 | Elf:1    | Found a runed translucent gate.
 43252 | Elf:1    | Found a runed translucent gate.
 43252 | Elf:1    | Found a runed translucent gate.
 43254 | Elf:1    | Found a runed translucent gate.
 43257 | Elf:1    | Found a runed translucent gate.
 43258 | Elf:1    | Found a runed translucent gate.
 43408 | Elf:2    | Noticed an Ice Fiend
 44425 | Elf:2    | Found Myliff's Self-Improvement Boutique.
 44468 | Elf:2    | Reached XP level 21. HP: 150/150 MP: 33/33
 44848 | Elf:2    | Found a runed translucent gate.
 44849 | Elf:2    | Found a runed translucent gate.
 44849 | Elf:2    | Found a runed translucent gate.
 45194 | Elf:2    | Reached skill level 25 in Ranged Weapons
 45883 | Vaults:1 | Entered Level 1 of the Vaults
 45972 | Vaults:1 | Noticed Zenata
 46075 | D:14     | Killed Zenata
 47225 | Vaults:1 | Upgraded the game from 0.31-a0-542-gdc2a67831c to
                  | 0.31-a0-544-gceb718ecc6
 47392 | Vaults:1 | Paralysed by a sphinx for 5 turns
 47641 | Vaults:1 | Found Judwouj's General Store.
 48126 | Vaults:1 | Reached XP level 22. HP: 158/158 MP: 35/35
 48456 | Vaults:2 | Paralysed by a great orb of eyes for 2 turns
 48516 | Vaults:2 | Noticed Margery
 49097 | Vaults:2 | Killed Margery
 49427 | Vaults:2 | Paralysed by a great orb of eyes for 3 turns
 49433 | Vaults:2 | Reached skill level 26 in Ranged Weapons
 50600 | Vaults:2 | Identified the +3 dagger of Mandamus {heavy, Int+3}
 50625 | Vaults:2 | Found a runed translucent door.
 50626 | Vaults:2 | Noticed Vorhees's ghost (adept GnSh)
 51262 | Vaults:2 | Killed Vorhees's ghost
 51335 | Vaults:2 | Identified the ring "Gonn" {MP+9 Int+2 Dex+6}
 51371 | Vaults:2 | Got the Lessons on Hexes
 51439 | Vaults:3 | Noticed Frederick
 51471 | Vaults:3 | Elyvilon protects you from harm!
 51472 | Vaults:3 | Killed Frederick
 51473 | Vaults:3 | Elyvilon protects you from harm!
 51473 | Vaults:3 | HP: 2/161 [vault sentinel/bolt[a vault warden] (16)]
 51523 | Vaults:3 | Noticed Norris
 51533 | Vaults:3 | HP: 7/161 [Norris/+0 glaive (11)]
 51534 | Vaults:3 | Slain by Norris

Illustrated notes

Levels and vault maps discovered:
D:1:      minmay_arrival_doors, layout_basic,
          shapermc_ecumenical_altar_totnotflames, minmay_tree_intersection
D:2:      cheibrodos_fertilizer, layout_loops_cross,
          hangedman_decor_clover_reticule
D:3:      layout_rooms
D:4:      layout_layer_cave, minmay_misc_feat_plants
D:5:      layout_loops_corners, lemuel_tele_altar, portal_sewer_entry_b,
          uniq_ijyb
D:6:      layout_cave_pools, nicolae_vehumet_radiance,
          minmay_temple_entry_enclosed_plants, uniq_crazy_yiuf_cottage
D:7:      cheibrodos_wizards_tower, layout_rooms, mainiacjoe_overflow_alcove_4,
          uniq_prince_ribbit1
D:8:      minmay_chambers_of_sixes, layout_loops_cross, kennysheep_slug_shrine,
          minmay_orc_keep
D:9:      layout_basic, mainiacjoe_overflow_concentric_impassable,
          mainiacjoe_overflow_six_doors_small, gammafunk_temple_overflow_statue,
          gammafunk_ghost_arena, serial_ice, serial_ice_a, serial_ice_k,
          serial_ice_g, serial_ice_n, uniq_jeremiah
D:10:     layout_long_grid, mainiacjoe_overflow_paths, serial_shops,
          nicolae_book_shop_shelving, shop, shop, shop, shop
D:11:     kennysheep_spiral_hall, layout_cave_pools, david_lair_generic,
          minivault_10, minivault_16, minivault_1, st_stairs_10
D:12:     layout_stronghold, serial_bayou_pond_a
D:13:     layout_irregular_city, nicolae_transporter_intersection
D:14:     layout_roguey, erik_vaults_2, minmay_circle_x, uniq_kirke
D:15:     grunt_enter_depths_snipers, layout_rooms, bloody_makhleb, uniq_azrael
Temple:   cyrus_circular_temple
Lair:1:   layout_chaotic_city, lemuel_fruit_tree, grunt_megastairs_1
Lair:2:   layout_chaotic_city, palyth_hydra_swamp_entry,
          guppyfry_snake_entry_island
Lair:3:   layout_hall_layers, gammafunk_ghost_necromancy, grunt_megastairs_5,
          uniq_nergalle
Lair:4:   layout_roguey, slime_entry_1, nicolae_volcano_entry_vermiform,
          uniq_sonja
Lair:5:   wormcave, layout_regular_city, portal_ice_cave_entry_imps,
          grunt_megastairs_4
Swamp:1:  layout_basic_swamp, evilmike_swamp_ruin_wall
Swamp:2:  nicolae_swamp_husk_halls, layout_basic_swamp,
          ebering_ghost_inner_flame, serial_swamp_ruin,
          evilmike_swamp_ruin_rubble_1, evilmike_swamp_ruin_house_6,
          evilmike_swamp_ruin_house_1, swamp_pool5, uniq_jorgrun
Swamp:3:  layout_basic_swamp, nicolae_swamp_ascending_descending
Swamp:4:  swamp_old_school, layout_basic_swamp, gammafunk_ghost_mausoleum,
          nicolae_swamp_drake_lake, uniq_mlioglotl
Snake:1:  layout_rooms, uniq_frances, uniq_nikola
Snake:2:  layout_basic, st_stairs_2, nrook_loot_triangle
Snake:3:  layout_misc_corridors, uniq_agnes, uniq_asterion
Snake:4:  snake_pit_salamanders_mu, layout_rooms, uniq_vashnia
Orc:1:    layout_caves
Orc:2:    kennysheep_orc_mage_school, layout_diamond_mine, uniq_rupert
Elf:1:    layout_loops_ring, serial_shops, nicolae_shop_pleasant_corner_grove,
          orc_legates, minivault_23, minmay_elf_sorcery
Elf:2:    nicolae_elf_blades_crystal_corner, layout_gridlike,
          nicolae_shop_self_help
Vaults:1: nicolae_vaults_stairing_the_circle, st_cross, v_alt_pattern_6,
          nicolae_vaults_doubleplus_tesselated, nicolae_vaults_more_shelving_2,
          v_misc_27, nicolae_vaults_alarming, vaults_dpeg_emergency_exit,
          nicolae_vaults_specimen_jars, v_misc_15,
          nicolae_vaults_variable_pillar_hall, layout_vaults_omnibox,
          serial_shops, shop, uniq_zenata
Vaults:2: gammafunk_ghost_grave, v_misc_23, nicolae_vaults_stepped_doors,
          hangedman_vaults_cutoff, nicolae_vaults_octagons,
          vaults_room_fancy_cross, vaults_room_semicircle, v_pattern_2,
          hangedman_vaults_locks, hangedman_vaults_impose,
          nicolae_vaults_more_shelving_1, layout_vaults_big_cross, uniq_margery
Vaults:3: vaults_dpeg_cross, nicolae_vaults_wine_cellar,
          nicolae_vaults_storage_room_water, nicolae_vaults_tetromino_T_1,
          minmay_crypt_entry_simple_corners, v_misc_16, v_misc_25,
          v_alt_pattern_6, vaults_dpeg_diagonal, nicolae_vaults_sightless_eye,
          layout_vaults_omnigrid, uniq_norris, uniq_frederick

Skill      XL: |  1  2  3  4  5  6  7  8  9 10 11 12 13 14 15 16 17 18 19 20 21 22 |
---------------+-------------------------------------------------------------------+-----
Ranged Weapons | 6 7 8 9 10 11 14 16 18 20 22 23 24 25 26 | 26.0
Dodging        | 3 4 8 11 13 15 16 17 18 19 20 21 22 23 24 | 24.6
Fighting       | 4 7 10 12 13 16 17 18 19 20 21 22 23 | 23.8
Invocations    | 4 6 7 9 11 12 15 16 17 18 | 18.0
Stealth        | |  1.3

Action                     |  1- 3 |  4- 6 |  7- 9 | 10-12 | 13-15 | 16-18 | 19-21 | 22-24 || total
---------------------------+-------+-------+-------+-------+-------+-------+-------+-------++-------
  Melee: Unarmed           |       |     3 |       |    25 |       |       |       |       ||    28
         Punch             |       |       |       |     1 |       |       |       |       ||     1
         Arbalest          |       |       |       |       |       |       |     9 |       ||     9
   Fire: Shortbow          |    67 |   173 |   289 |       |       |       |       |       ||   529
         Orcbow            |       |       |    84 |  1002 |  1310 |       |       |       ||  2396
         Arbalest          |       |       |       |       |   329 |  1234 |  1281 |   409 ||  3253
 Invoke: Heal Self         |       |       |       |     1 |    18 |    11 |    12 |     6 ||    48
         Divine Vigour     |       |       |       |       |     1 |     4 |       |       ||     5
    Use: Scroll            |       |     9 |     7 |     9 |     7 |    11 |     6 |     5 ||    54
         Potion            |       |     1 |       |     5 |     2 |     3 |     5 |     4 ||    20
 Armour: Leather armour    |     2 |    16 |    35 |    18 |       |       |       |       ||    71
         Skin              |       |    10 |       |    56 |       |       |       |       ||    66
         Steam dragon scal |       |       |       |    97 |   161 |    78 |   118 |    76 ||   530
  Dodge: Dodged            |    14 |    52 |   110 |   823 |  1314 |  1047 |  1650 |  1004 ||  6014
  Block: Other             |       |       |       |       |    72 |    60 |       |       ||   132
         Reflection        |       |       |       |       |     8 |     2 |       |       ||    10

Table legend: (Time is in decaauts)
 A = Elapsed time spent in this place.
 B = Non-inter-level travel time spent in this place.
 C = Inter-level travel time spent in this place.
 D = Time resting spent in this place.
 E = Time spent auto-exploring this place.
 F = Levels seen in this place.
 G = Mean time per level.
                   A        B        C        D        E       F      G
               +--------+--------+--------+--------+--------+-----+--------+
         Total |  51587 |  48127 |   3460 |  13416 |  25776 |  37 | 1394.2 |
       Dungeon |  20709 |  18760 |   1949 |   4647 |  10867 |  15 | 1380.6 |
        Temple |     15 |      8 |      7 |      0 |      0 |   1 |   15.0 |
          Lair |   8097 |   7554 |    543 |   1923 |   4324 |   5 | 1619.4 |
         Swamp |   5718 |   5493 |    225 |   1922 |   2704 |   4 | 1429.5 |
     Snake Pit |   4965 |   4721 |    244 |   1268 |   2424 |   4 | 1241.2 |
  Orcish Mines |   2600 |   2374 |    226 |    650 |   1276 |   2 | 1300.0 |
   Elven Halls |   3802 |   3629 |    173 |   1147 |   1618 |   2 | 1901.0 |
        Vaults |   5118 |   5027 |     91 |   1832 |   2191 |   3 | 1706.0 |
         Sewer |    559 |    559 |      0 |     26 |    370 |   1 |  559.0 |
               +--------+--------+--------+--------+--------+-----+--------+

Top non-repeatable levels by time:
    D:14: 2840 daAuts
  Lair:5: 2701 daAuts
Vaults:1: 2614 daAuts
Vaults:2: 2373 daAuts
   Elf:1: 2077 daAuts
    D:11: 2029 daAuts
 Swamp:4: 1834 daAuts
  Lair:2: 1758 daAuts
   Orc:2: 1754 daAuts
    D:13: 1750 daAuts
   Elf:2: 1725 daAuts
    D:10: 1698 daAuts
 Snake:4: 1659 daAuts
    D:12: 1655 daAuts
     D:9: 1649 daAuts
